 Dungeon Crawl Stone Soup version 0.29.1-13-g9f3cf754e1 (webtiles) character file.

Game seed: 2012113502227997667

1761 H0rd4k the Martial Artist (level 9, -2/61 HPs)
             Began as an Octopode Artificer on Jan 23, 2023.
             Was an Initiate of Gozag.
             Slain by a hornet (7 damage)
             ... on level 7 of the Dungeon.
             The game lasted 00:07:34 (7778 turns).

H0rd4k the Martial Artist (Octopode Artificer)      Turns: 7778, Time: 00:07:34

Health: -2/61      AC:  1    Str: 11    XL:     9   Next: 7%
Magic:  15/15      EV: 14    Int: 18    God:    Gozag
Gold:   201        SH:  0    Dex: 18    Spells: 11/17 levels left

rFire   . . .      SeeInvis .     - Unarmed
rCold   + . .      Faith    .   (no shield)
rNeg    . . .      Spirit   .   (helmet restricted)
rPois   .          Reflect  .   x - amulet of regeneration
rElec   .          Harm     .   w - +6 ring of dexterity
rCorr   .          Rampage  .   y - ring of protection from cold
Will    .....                   (no ring)
Stlth   +++.......              (no ring)
HPRegen 1.00/turn               (no ring)
MPRegen 0.14/turn               (no ring)
                                (no ring)
                                (no ring)

@: lethally poisoned (-2 -> -3), gold aura, slowed, very slow
A: almost no armour, amphibious, 8 rings, camouflage 1, gelatinous body 1,
(nimble swimmer 1), tentacles
a: Renounce Religion, Potion Petition, Call Merchant, Bribe Branch


You were on level 7 of the Dungeon.
You worshipped Gozag.
Gozag was aware of your devotion.
You visited 2 branches of the dungeon, and saw 8 of its levels.

You collected 264 gold pieces.
You paid 63 gold pieces to Gozag.

Inventory:

Missiles
 m - a curare-tipped dart (quivered)
Magical Staves
 p - a staff of cold
Jewellery
 w - a +6 ring of dexterity (left tentacle)
 x - an amulet of regeneration (around mantle)
 y - a ring of protection from cold (right tentacle)
Wands
 b - a wand of roots (2)
 c - a wand of charming (11)
 A - a wand of flame (30)
Scrolls
 f - 3 scrolls of fog {unknown}
 g - 4 scrolls of teleportation {unknown}
 k - a scroll of acquirement {unknown}
 n - 2 scrolls of blinking {unknown}
 o - 7 scrolls of identify {unknown}
 r - 2 scrolls of magic mapping {unknown}
 s - a scroll of immolation {unknown}
 t - a scroll of summoning {unknown}
 v - a scroll of silence {unknown}
 B - a scroll of fear {unknown}
Potions
 a - 4 potions of curing {unknown}
 d - a potion of ambrosia {unknown}
 e - a potion of magic {unknown}
 h - 2 potions of mutation {unknown}
 i - 2 potions of heal wounds {unknown}
 j - 2 potions of attraction {unknown}
 l - 3 potions of flight {unknown}
 q - 2 potions of cancellation {unknown}
 u - a potion of lignification {unknown}
 z - a potion of might {unknown}
 C - a potion of haste {unknown}


   Skills:
 + Level 5.4 Fighting
 + Level 0.1 Throwing
 - Level 2.3 Dodging
 - Level 1.3 Stealth
 + Level 8.3 Unarmed Combat
 * Level 4.5 Spellcasting
 * Level 0.3 Poison Magic
 - Level 3.2 Evocations


You had 11 spell levels left.
You knew the following spells:

 Your Spells              Type           Power      Damage    Failure   Level
a - Poisonous Vapours     Pois/Air       8%         N/A       21%         2
b - Olgreb's Toxic Radia  Pois           5%         N/A       75%         4

Your spell library contained the following spells:

 Spells                   Type           Power      Damage    Failure   Level
 Sting                    Tmut/Pois      16%        1d3       13%         1
 Sandblast                Erth           8%         2d5       14%         1
 Passwall                 Tmut/Erth      3%         N/A       22%         2
 Portal Projectile        Hex/Tloc       8%         N/A       38%         3
 Stone Arrow              Conj/Erth      8%         3d7       38%         3
 Tukima's Dance           Hex            4%         N/A       38%         3
 Blade Hands              Tmut           2%         N/A       98%         5


Dungeon Overview and Level Annotations

Branches:
Dungeon (7/15)             Temple (1/1) D:6

Altars:
Ashenzari
Cheibriados
Elyvilon
Fedhas
Gozag
Hepliaklqana
Makhleb
Nemelex Xobeh
Okawaru
Qazlal
Ru
Sif Muna
Trog
Wu Jian
Yredelemnul
The Shining One

Shops:
D:6 :

Annotations:
D:3 Grinder
D:6 exclusion: downstairs


Innate Abilities, Weirdness & Mutations

You cannot wear most types of armour.
You are amphibious.
You can wear up to eight rings at the same time.
Your skin changes colour to match your surroundings (Stealth+).
Your rubbery body absorbs attacks. (AC +1, EV +1)
((You are camouflaged when in or above water. (Stealth+)))
You have tentacles for arms and can constrict up to eight enemies at once.


Message History

An orc comes into view. It is wielding a +0 short sword.
An orc is nearby!
An orc is nearby!
The orc throws a boomerang.
The boomerang misses you. 2 orcs and a hornet come into view.
The orc hits you with a +0 short sword.
You tentacle-slap the orc. Your grab misses the orc.
The orc is heavily wounded.
The orc hits you with a +0 short sword.
You closely miss the orc. Your grab misses the orc. You squeeze the orc.
The orc is almost dead.
The orc barely misses you.
You closely miss the orc. Your grab misses the orc.
The orc is almost dead.
The orc shouts!
The hornet stings you!
You feel yourself slow down. The orc barely misses you.
You closely miss the orc. You grab the orc. You squeeze the orc.
You kill the orc!
The hornet stings you.
You are poisoned.
You feel as though you will be slow longer.
The hornet misses you.
You tentacle-slap the hornet. Your grab misses the hornet.
The hornet is lightly wounded.
You feel very sick. The hornet stings you!
You feel as though you will be slow longer.
The hornet stings you!
* * * LOW HITPOINT WARNING * * *
You feel as though you will be slow longer.
Aiming: Charm
Press: ? - help, Shift-Dir - straight line, f - hornet
Aim: a hornet (lightly wounded, chance to affect: 49%)
The hornet resists with some effort.
You feel very sick. The hornet barely misses you.
A wight comes into view. It is wielding a +0 falchion.
The orc misses you. The hornet stings you!
You die...
Your body crumbles into a pile of gold.

### ..# .z #.#
#.# #.# ...#
##.## #.#.#
#..<# #....#
###...####.....#
#.......#.......
#.......@oo.....
#..[.....y......
###....#.#.....#
#......##...##
##.#.#.. ..##
#.#.#... ...
#.#.####. ### ..
#..###


You could see a hornet, a wight and 2 orcs.

Vanquished Creatures
  Pikel (D:5)
  Prince Ribbit (D:5)
  2 water moccasins (D:6)
  An ogre (D:5)
  2 phantoms (D:5)
  Blork the orc (D:5)
  A scorpion (D:4)
  2 killer bees
  2 hounds
  An orc priest (D:4)
  2 jellies
  2 iguanas
  2 orc wizards (D:4)
  5 gnolls
  5 adders
  A white imp (D:5)
  3 ufetubi
  3 worms
  2 dart slugs
  13 orcs
  8 ball pythons
  6 endoplasms
  2 giant cockroaches
  6 goblins
  8 hobgoblins
  11 jackals
  6 kobolds
  3 quokkas
  3 bats
  5 frilled lizards
  6 rats
116 creatures vanquished.

Vanquished Creatures (collateral kills)
  A gnoll (D:6)
  An orc (D:5)
2 creatures vanquished.

Vanquished Creatures (others)
  A gnoll bouda (D:6)
  A hound (D:5)
  An orc wizard (D:4)
3 creatures vanquished.

Grand Total: 121 creatures vanquished

Notes
Turn   | Place    | Note
-------+----------+-------------------------------------------
     0 | D:1      | H0rd4k the Octopode Artificer began the quest for the Orb.
     0 | D:1      | Reached XP level 1. HP: 13/13 MP: 1/1
   242 | D:1      | Reached XP level 2. HP: 11/19 MP: 2/2
   707 | D:1      | Reached skill level 1 in Spellcasting
  1097 | D:1      | Reached XP level 3. HP: 6/24 MP: 4/4
  1967 | D:2      | Reached skill level 1 in Unarmed Combat
  2171 | D:2      | Reached XP level 4. HP: 30/30 MP: 6/6
  3236 | D:3      | Found a sacrificial altar of Ru.
  3241 | D:3      | Reached skill level 2 in Unarmed Combat
  3282 | D:3      | Found a faded altar of an unknown god.
  3379 | D:3      | Noticed Grinder
  3800 | D:3      | Reached XP level 5. HP: 8/35 MP: 8/8
  4076 | D:3      | Paralysed by Grinder for 5 turns
  4085 | D:3      | HP: 1/36 [Grinder (9)]
  4935 | D:4      | Reached skill level 3 in Unarmed Combat
  5084 | D:4      | Reached XP level 6. HP: 42/42 MP: 9/9
  5966 | D:4      | Reached skill level 4 in Unarmed Combat
  5999 | D:5      | Entered Level 5 of the Dungeon
  6119 | D:5      | Reached XP level 7. HP: 46/47 MP: 11/11
  6120 | D:5      | Found a shimmering blue altar of Sif Muna.
  6125 | D:5      | Found a snail-covered altar of Cheibriados.
  6125 | D:5      | Found a broken altar of Ashenzari.
  6258 | D:5      | Reached skill level 5 in Unarmed Combat
  6374 | D:5      | Noticed Pikel
  6408 | D:5      | Noticed Blork the orc
  6410 | D:5      | Killed Blork the orc
  6414 | D:5      | Noticed Prince Ribbit
  6421 | D:5      | Killed Prince Ribbit
  6422 | D:5      | Reached skill level 6 in Unarmed Combat
  6441 | D:5      | Killed Pikel
  6442 | D:5      | Reached skill level 7 in Unarmed Combat
  6442 | D:5      | Reached XP level 8. HP: 54/54 MP: 13/13
  6518 | D:5      | Reached skill level 5 in Fighting
  6662 | D:6      | Found Zenuet's Tremendous Tomes.
  6793 | D:6      | Found a staircase to the Ecumenical Temple.
  6803 | Temple   | Entered the Ecumenical Temple
  6976 | Temple   | Became a worshipper of Gozag Ym Sagoz the Greedy
  7205 | D:6      | Reached skill level 8 in Unarmed Combat
  7415 | D:6      | Reached XP level 9. HP: 61/61 MP: 15/15
  7668 | D:6      | Learned a level 2 spell: Poisonous Vapours
  7673 | D:6      | Learned a level 4 spell: Olgreb's Toxic Radiance
  7772 | D:7      | Noticed a hornet
  7778 | D:7      | Slain by a hornet

Illustrated notes

Levels and vault maps discovered:
D:1:      psy_arrival_whirlpool, layout_loops_corners, minmay_splitting_lines
D:2:      layout_loops_corners, kennysheep_generic_room_16
D:3:      layout_basic, old_standard_altar, basic_ecumenical_altar,
          uniq_natasha, uniq_grinder
D:4:      layout_basic
D:5:      layout_gridville, grunt_temple_overflow_open, uniq_prince_ribbit1,
          uniq_blork_the_orc, uniq_pikel
D:6:      layout_cave_pods, temple_hall, nrook_mini_backslash,
          small_statue_intersection, nicolae_shop_i_like_big_books,
          nicolae_figureground_sparkle
D:7:      layout_loops_ring, nicolae_overflow_hidden_temple, uniq_duvessa
Temple:   oiseaux_autumnal_temple

Skill      XL: |  1  2  3  4  5  6  7  8 |
---------------+-------------------------+-----
Spellcasting   | 1 2 3 4 |  4.5
Fighting       | 2 3 4 5 |  5.4
Unarmed Combat | 1 2 3 4 7 8 |  8.3
Throwing       | |  0.1
Dodging        | |  2.3
Stealth        | |  1.3
Poison Magic   | |  0.3
Evocations     | |  3.2

Action                   |  1- 3 |  4- 6 |  7- 9 || total
-------------------------+-------+-------+-------++-------
Melee: Unarmed           |    94 |   158 |    67 ||   319
       Constrict         |    30 |    38 |    15 ||    83
       Tentacles         |    19 |    32 |    18 ||    69
       Punch             |     3 |     9 |     4 ||    16
Throw: Dart              |       |       |     3 ||     3
Evoke: Wand              |       |    15 |    17 ||    32
 Stab: Sleeping          |     6 |    15 |     5 ||    26
       Distracted        |       |     1 |       ||     1
Armor: Skin              |     6 |     9 |     3 ||    18
Dodge: Dodged            |    66 |    66 |    63 ||   195
